 Dungeon Crawl Stone Soup version 0.28-a0-1382-g92835e5c71 (webtiles) character file.

Game seed: 4827879732718895956

508 Deminshera the Sneak (level 7, -4/40 HPs)
             Began as a Kobold Brigand on Jan 1, 2022.
             Killed by nerve-wracking pain
             ... invoked by an orc priest
              (14 damage)
             ... on level 4 of the Dungeon.
             The game lasted 00:05:40 (6171 turns).

Deminshera the Sneak (Kobold Brigand)               Turns: 6171, Time: 00:05:41

Health: -4/40      AC:  5    Str: 11    XL:     7   Next: 42%
Magic:  7/7        EV: 12    Int: 12    God:
Gold:   156        SH: 10    Dex: 16    Spells: 6/6 levels left

rFire   . . .      SeeInvis .   a - +2 dagger
rCold   . . .      Faith    .   k - +0 kite shield
rNeg    . . .      Spirit   .   w - +0 leather armour
rPois   .          Reflect  .   (no helmet)
rElec   .          Harm     .   c - +0 cloak
rCorr   .          Rampage  .   j - +0 pair of gloves
Will    .....                   (no boots)
Stlth   ++++......              (no amulet)
HPRegen 0.13/turn               y - ring of flight
MPRegen 0.10/turn               (no ring)

@: flying
A: small, no large weapons, nightstalker 3
a: no special abilities


You were on level 4 of the Dungeon.
You visited 2 branches of the dungeon, and saw 5 of its levels.
You also visited: Ossuary.

You collected 156 gold pieces.

Inventory:

Hand Weapons
 a - a +2 dagger (weapon)
Missiles
 d - 8 poisoned darts
 e - 2 curare-tipped darts (quivered)
Armour
 b - a +0 robe
 c - a +0 cloak (worn)
 j - a +0 pair of gloves (worn)
 k - a +0 kite shield (worn)
 w - a +0 leather armour (worn)
Jewellery
 h - an amulet of faith
 y - a ring of flight (left hand)
Wands
 x - a wand of flame (13)
Scrolls
 f - 10 scrolls of identify {unknown}
 l - 5 scrolls of teleportation {unknown}
 m - a scroll of immolation {unknown}
 n - 2 scrolls of amnesia {unknown}
 q - a scroll of vulnerability {unknown}
 v - a scroll of noise {unknown}
Potions
 g - a potion of curing {unknown}
 i - a potion of cancellation
 o - a potion of invisibility {unknown}
 p - a potion of ambrosia {unknown}
 r - a potion of flight {unknown}
 s - a potion of mutation {unknown}
 t - a potion of might {unknown}
 u - 4 potions of brilliance {unknown}


   Skills:
 - Level 2.8 Fighting
 - Level 3.5 Short Blades
 - Level 2.9 Throwing
 - Level 2.4 Dodging
 - Level 6.0 Stealth
 + Level 4.9 Shields


You had 6 spell levels left.
You didn't know any spells.
Your spell library contained the following spells:

 Spells                   Type           Power      Damage    Failure   Level
 Sandblast                Erth           0%         2d4       89%         1
 Corpse Rot               Necr/Air       0%         N/A       96%         2
 Passwall                 Tmut/Erth      0%         N/A       96%         2
 Stone Arrow              Conj/Erth      0%         3d7       99%         3
 Dispel Undead            Necr           0%         3d6       100%        4
 Death Channel            Necr           0%         N/A       100%        6


Dungeon Overview and Level Annotations

Branches:
Dungeon (4/15)             Temple (1/1) D:4         Ossuary (visited)

Altars:
Dithmenos
Elyvilon
Fedhas
Gozag
Hepliaklqana
Kikubaaqudgha
Makhleb
Ru
Trog
Vehumet
Wu Jian
Xom
Yredelemnul
Zin


Innate Abilities, Weirdness & Mutations

You are small and have problems with some larger weapons.
You are completely attuned to the shadows.


Message History

You hit the orc priest but do no damage.
The orc priest is moderately wounded.
The orc priest invokes the aid of Beogh against you.
Beogh smites you!
You closely miss the orc priest.
The orc priest is moderately wounded.
You block the orc priest's attack.
You barely miss the orc priest.
The orc priest is moderately wounded.
The orc priest miscasts a cantrip.
You hit the orc priest but do no damage.
The orc priest is moderately wounded.
You block the orc priest's attack.
You hit the orc priest.
The orc priest is moderately wounded.
You block the orc priest's attack.
You hit the orc priest but do no damage.
The orc priest is moderately wounded.
The orc priest calls down the wrath of Beogh upon you.
Beogh smites you!
* * * LOW HITPOINT WARNING * * *
You hit the orc priest.
The orc priest is moderately wounded.
The orc priest miscasts a cantrip.
The orc priest barely misses you.
Aiming: Throw Flame
Press: ? - help, Shift-Dir - straight line, f - orc priest
Aim: an orc priest, wielding a +0 club and wearing a +0 leather armour (moderately wounded, 68% to hit)
The puff of flame hits the orc priest.
The orc priest is heavily wounded.
The orc priest hits you with a +0 club.
* * * LOW HITPOINT WARNING * * *
Aiming: Throw Flame
Press: ? - help, Shift-Dir - straight line, f/p - orc priest
Aim: an orc priest, wielding a +0 club and wearing a +0 leather armour (heavily wounded, 68% to hit)
The puff of flame hits the orc priest.
The orc priest is severely wounded.
The orc priest calls down the wrath of Beogh upon you.
Pain shoots through your body!
You die...

######### #...(...#
#.....<.####
#.......+..#
#.......##.########
####'#......))....#
#.#@###)########
#..o# #.# ###.###.#
###.#.#.# .
#...#.#.# #.
#.#.#.#.#
#.##.##.###.#.#
.........##.#.#
.............>#


You could see an orc priest.

Vanquished Creatures
  An orc warrior (D:3)
  2 water moccasin zombies (Ossuary)
  2 electric eels (D:3)
  A jelly (D:4)
  2 mummies (Ossuary)
  4 gnolls (D:4)
  3 adders (D:2)
  4 adder zombies (Ossuary)
  2 dart slugs (D:2)
  A worm (D:2)
  3 orcs (D:4)
  4 endoplasms
  2 giant cockroaches
  3 gnoll zombies (Ossuary)
  4 goblins
  11 hobgoblins
  4 jackals (D:2)
  A kobold (D:1)
  2 quokkas (D:2)
  8 ball pythons (D:1)
  8 bats
  4 frilled lizards
  4 hobgoblin zombies (Ossuary)
  5 kobold zombies (Ossuary)
  6 orc zombies (Ossuary)
  6 rats
97 creatures vanquished.

Notes
Turn   | Place    | Note
-------+----------+-------------------------------------------
     0 | D:1      | Deminshera the Kobold Brigand began the quest for the Orb.
     0 | D:1      | Reached XP level 1. HP: 12/12 MP: 1/1
   163 | D:1      | Reached XP level 2. HP: 14/18 MP: 2/2
   302 | D:1      | Found a faded altar of an unknown god.
  1165 | D:1      | Reached XP level 3. HP: 22/22 MP: 3/3
  1747 | D:2      | Reached XP level 4. HP: 22/27 MP: 4/4
  2198 | D:2      | Reached skill level 6 in Stealth
  2452 | D:2      | Identified the +1 chain mail of New Discoveries {Will-
                  | Str+3 Dex+6}
  2903 | D:3      | Found a transporter.
  2948 | D:3      | Found a transporter.
  3019 | D:3      | Reached skill level 1 in Shields
  3019 | D:3      | Reached XP level 5. HP: 23/32 MP: 5/5
  3446 | D:4      | Found a sand-covered staircase.
  3451 | Ossuary  | Entered an ossuary
  3974 | Ossuary  | Reached XP level 6. HP: 10/36 MP: 6/6
  4529 | D:4      | Noticed an orc warrior
  4726 | D:3      | Reached XP level 7. HP: 30/40 MP: 7/7
  4827 | D:4      | Found a staircase to the Ecumenical Temple.
  4833 | Temple   | Entered the Ecumenical Temple
  6171 | D:4      | Killed from afar by an orc priest

Illustrated notes

Levels and vault maps discovered:
D:1:      matt_arrival_los_fun, layout_basic, basic_ecumenical_altar,
          st_stairs_7, minmay_shallow_snake_nest
D:2:      layout_loops_ring
D:3:      gammafunk_steamed_eel, layout_loops_ring, minmay_misc_feat_x,
          amcnicky_mini_rare_corridor_liquid, minmay_goblin_kobold_house
D:4:      cheibrodos_pilgrimage, layout_basic, mainiacjoe_overflow_paths,
          minmay_temple_entry_large_hall, nicolae_ossuary_entry_false_entrances
Temple:   eino_temple_water

Skill      XL: |  1  2  3  4  5  6 |
---------------+-------------------+-----
Short Blades   | 3 |  3.5
Dodging        | 2 |  2.4
Stealth        | 6 |  6.0
Shields        | 1 3 4 |  4.9
Fighting       | |  2.8
Throwing       | |  2.9

Action                   |  1- 3 |  4- 6 |  7- 9 || total
-------------------------+-------+-------+-------++-------
Melee: Dagger            |    90 |   260 |    70 ||   420
Throw: Dart              |       |     2 |     1 ||     3
Evoke: Wand              |       |     2 |     4 ||     6
  Use: Potion            |       |     3 |       ||     3
 Stab: Sleeping          |    17 |    15 |     3 ||    35
Armor: Robe              |    31 |    45 |       ||    76
       Leather armour    |       |       |     2 ||     2
Dodge: Dodged            |    83 |   142 |    21 ||   246
Block: Kite shield       |       |    91 |    31 ||   122

Table legend: (Time is in decaauts)
 A = Elapsed time spent in this place.
 B = Non-inter-level travel time spent in this place.
 C = Inter-level travel time spent in this place.
 D = Time resting spent in this place.
 E = Time spent auto-exploring this place.
 F = Levels seen in this place.
 G = Mean time per level.
                   A        B        C        D        E       F      G
               +--------+--------+--------+--------+--------+-----+--------+
         Total |   6178 |   5919 |    259 |   2076 |   2936 |   6 | 1029.7 |
       Dungeon |   4540 |   4308 |    232 |   1454 |   2211 |   4 | 1135.0 |
        Temple |    558 |    531 |     27 |      0 |    517 |   1 |  558.0 |
       Ossuary |   1079 |   1079 |      0 |    622 |    208 |   1 | 1079.0 |
               +--------+--------+--------+--------+--------+-----+--------+

Top non-repeatable levels by time:
     D:3: 1571 daAuts
     D:1: 1274 daAuts
     D:2: 1173 daAuts
 Ossuary: 1079 daAuts
  Temple: 558 daAuts
     D:4: 521 daAuts
